 Dungeon Crawl Stone Soup version 0.16-a0-465-g631e55c (webtiles) character file.

550 Ratboiler the Geomancer (level 7, -5/41 HPs)
             Began as an Octopode Earth Elementalist on Sept 16, 2014.
             Slain by a centaur (6 damage)
             ... on Level 5 of the Dungeon.
             The game lasted 00:13:46 (4490 turns).

Ratboiler the Geomancer (OpEE)                      Turns: 4490, Time: 00:13:46

HP  -5/41        AC  1     Str  8      XL: 7   Next: 29%
MP   0/12        EV 18     Int 19      God:
Gold 184         SH  0     Dex 17      Spells:  3 memorised,  3 levels left

rFire  + . .     SeeInvis .     z - +1 hand axe (flame)
rCold  . . .     Clarity  .     (no shield)
rNeg   . . .     rCorr    .     (helmet restricted)
rPois  .         rRot     .     (no amulet)
rElec  .         Spirit   .     (no ring)
SustAb .         Warding  .     k - ring of protection from fire
rMut   .         Stasis   .     (no ring)
Gourm  .                        (no ring)
MR     .....                    (no ring)
                                (no ring)
                                (no ring)
                                (no ring)

@: agile, not resistant to hostile enchantments, stealthy
A: almost no armour, amphibious, 8 rings, constrict 8, camouflage 1, gelatinous
body 1
a: no special abilities


You were on level 5 of the Dungeon.
You were very hungry.

You visited 1 branch of the dungeon, and saw 5 of its levels.

You collected 184 gold pieces.

Inventory:

Hand weapons
 j - a +3 whip
 z - a +1 hand axe of flaming (weapon)
Missiles
 b - 79 stones (quivered)
 t - 8 needles of slowing
 v - 12 poisoned needles
Magical devices
 m - a wand of paralysis (6)
Comestibles
 a - 3 bread rations
 l - 2 beef jerkies
 o - a slice of pizza
 x - 3 fruits
 A - a rotting chunk of hobgoblin flesh
 B - a rotting chunk of worm flesh
 C - 4 rotting chunks of orc flesh
 D - 2 rotting chunks of worker ant flesh
Scrolls
 c - 2 scrolls of teleportation
 g - a scroll of fear {unknown}
 h - a scroll of remove curse
 n - a scroll of blinking {unknown}
 s - a scroll of enchant armour {unknown}
 y - a scroll of random uselessness {unknown}
Jewellery
 e - an uncursed ring of ice
 k - a ring of protection from fire (right tentacle)
Potions
 i - 2 potions of resistance
 r - a potion of might {unknown}
 u - a potion of restore abilities {unknown}
 E - a potion of confusion {unknown}
Books
 d - a book of Geomancy

   Spells                             Type                      Level
   *Sandblast                         Earth                        1
   Stoneskin                          Transmutation/Earth          2
   *Passwall                          Transmutation/Earth          3
   *Stone Arrow                       Conjuration/Earth            3
   Petrify                            Transmutation/Earth          4
   Lee's Rapid Deconstruction         Earth                        5
Magical staves
 w - an uncursed staff of summoning


   Skills:
 - Level 2.0 Dodging
 - Level 2.6 Stealth
 - Level 2.0 Spellcasting
 - Level 1.0 Transmutations
 + Level 8.1 Earth Magic


You had 3 spell levels left.
You knew the following spells:

 Your Spells              Type           Power        Failure   Level  Hunger
a - Sandblast             Erth           ####..       1%          1    #......
b - Stone Arrow           Conj/Erth      ###...       12%         3    ####...
c - Passwall              Trmt/Erth      ###.......   10%         3    ####...


Dungeon Overview and Level Annotations

Branches:
Dungeon (5/15)
 Temple: D:4-7

Altars:
Cheibriados
Makhleb
Qazlal
Trog
Yredelemnul

Annotations:
D:4 Sigmund


Innate Abilities, Weirdness & Mutations

You cannot wear most types of armour.
You are amphibious.
You can wear up to eight rings at the same time.
You can use your tentacles to constrict many enemies at once.
Your skin changes colour to match your surroundings (Stealth).
Your rubbery body absorbs attacks (AC +1).


Message History

Unknown command.
You hit the centaur but do no damage. The centaur barely misses you.
The centaur barely misses you.
The gnoll hits you from afar with a spear!
* * * LOW HITPOINT WARNING * * *
Drink which item? (? for menu, Esc to quit)
You feel agile all of a sudden. The centaur misses you.
The gnoll closely misses you. The centaur completely misses you.
You hit the centaur. You burn the centaur.
The centaur is lightly wounded.
The centaur misses you.
The gnoll hits you from afar with a spear!
* * * LOW HITPOINT WARNING * * *
The centaur misses you.
Unknown command.
Drink which item? (? for menu, Esc to quit)
It has a very clean taste.
It was a potion of cure mutation.
The centaur hits you.
You die...

.. . .# .. .#.#.# #..
.# .#.#.# #.. .
.###....###.# ..
.g......#...+ ....
#c.....#.#.# ....
....###@.....#.#.#...#
#...........#.#...#
#....(%...#.......#
#.....#...#.#<....#
......#.#...#.......#
......#.#..........#...
....##.#..........# .
... ..#..........# ..
###...#........


You could see a centaur and a gnoll.

Vanquished Creatures
  An ogre (D:4)
  A scorpion (D:3)
  A hound (D:2)
  An orc priest (D:3)
  3 worker ants
  Ijyb (D:3)
  6 gnolls
  5 adders
  A giant mite (D:2)
  4 worms
  A giant gecko (D:3)
  An ooze (D:3)
  15 orcs
  A ball python (D:1)
  8 goblins
  19 hobgoblins
  10 kobolds
  A quokka (D:3)
  18 bats
  6 giant cockroaches
  A giant gecko skeleton (D:4)
  2 giant newts
  13 rats
120 creatures vanquished.

Notes
Turn   | Place    | Note
--------------------------------------------------------------
     0 | D:1      | Ratboiler, the Octopode Earth Elementalist, began the quest for the Orb.
     0 | D:1      | Reached XP level 1. HP: 11/11 MP: 3/3
   259 | D:1      | Reached XP level 2. HP: 9/17 MP: 1/4
   612 | D:1      | Reached skill level 4 in Earth Magic
   612 | D:1      | Reached XP level 3. HP: 18/21 MP: 3/6
   625 | D:1      | Learned a level 3 spell: Stone Arrow
  1548 | D:2      | Reached XP level 4. HP: 27/27 MP: 7/7
  1566 | D:2      | Learned a level 3 spell: Passwall
  1718 | D:2      | Reached skill level 5 in Earth Magic
  1840 | D:2      | Found a basalt altar of Yredelemnul.
  2097 | D:2      | Found a burning altar of Makhleb.
  2102 | D:2      | Reached XP level 5. HP: 21/31 MP: 1/9
  2508 | D:2      | Reached skill level 6 in Earth Magic
  2651 | D:3      | Found a stormy altar of Qazlal.
  2651 | D:3      | Noticed Ijyb
  2666 | D:3      | Killed Ijyb
  3081 | D:3      | Reached XP level 6. HP: 25/36 MP: 0/10
  3505 | D:3      | Reached skill level 7 in Earth Magic
  4098 | D:4      | Found a snail-covered altar of Cheibriados.
  4123 | D:4      | Reached XP level 7. HP: 41/41 MP: 1/12
  4181 | D:4      | Noticed Sigmund
  4258 | D:4      | Reached skill level 8 in Earth Magic
  4439 | D:4      | Found a bloodstained altar of Trog.
  4468 | D:5      | Entered Level 5 of the Dungeon
  4489 | D:5      | HP: 1/41 [gnoll/spear (7)]
  4490 | D:5      | Slain by a centaur

Action                   |  1- 3 |  4- 6 |  7- 9 || total
-------------------------+-------+-------+-------++-------
Melee: Unarmed           |    18 |       |       ||    18
       Whip              |    68 |    79 |       ||   147
       Staff             |       |    20 |       ||    20
       Hand axe          |       |    10 |    20 ||    30
 Cast: Sandblast         |    12 |     3 |     1 ||    16
       Stone Arrow       |     2 |    34 |     6 ||    42
       Passwall          |       |     1 |       ||     1
Evoke: Wand              |       |     1 |       ||     1
  Use: Scroll            |       |     5 |       ||     5
       Potion            |       |       |     3 ||     3
 Stab: Distracted        |     1 |       |       ||     1
       Sleeping          |     1 |     7 |     1 ||     9
  Eat: Chunk             |     2 |     7 |     1 ||    10
       Meat ration       |       |     1 |       ||     1
       Pizza             |       |     1 |       ||     1
